 Dungeon Crawl Stone Soup version 0.31-a0-246-g8cbcc1cb85 (webtiles) character file.

Game seed: 11007460008186721476

98 qw the Shooter (level 4, -6/26 HPs)
             Began as a Gargoyle Hexslinger on July 12, 2023.
             Mangled by Pikel
             ... wielding a +2 whip of flaming
              (8 damage)
             ... on level 4 of the Dungeon.
             The game lasted 00:00:54 (2268 turns).

qw the Shooter (Gargoyle Hexslinger)                Turns: 2268, Time: 00:00:55

Health: -6/26      AC:  6    Str: 11 (12) XL:     4   Next: 69%
Magic:  5/5        EV: 11    Int: 13      God:
Gold:   108        SH:  0    Dex: 12 (14) Spells: 4/5 levels left

rFire   . . .        Y - +1 sling
rCold   . . .        (no shield)
rNeg    + . .        g - +0 leather armour
rPois   inf          (no helmet)
rElec   +            (no cloak)
rCorr   .            (no gloves)
SInv    .            (no boots)
Will    .....        (no amulet)
Stlth   +            d - +4 ring of slaying {mikee}
HPRegen 0.24/turn    (no ring)
MPRegen 0.09/turn

%: no passive effects
@: about to teleport
A: sickness immunity, AC +3, negative energy resistance 1, electricity
resistance, torment resistance 1, petrification resistance
a: no special abilities


You were on level 4 of the Dungeon.
You visited 1 branch of the dungeon, and saw 4 of its levels.

You collected 108 gold pieces.


Innate Abilities, Weirdness & Mutations

You are immune to sickness and miasma.
Your stone body is resilient. (AC +3)
You are immune to poison.
You resist negative energy. (rN+)
You are resistant to electric shocks. (rElec)
You are resistant to unholy torment.
You are immune to petrification.


   Skills:
 - Level 2.0 Fighting
 + Level 4.4 Ranged Weapons
 - Level 1.5 Dodging
 - Level 1.0 Spellcasting
 - Level 2.6 Hexes


You had 4 spell levels left.
You knew the following spells:

 Your Spells              Type           Power      Damage    Failure   Level
a - Slow                  Hex            28%        N/A       12%         1

Your spell library contained the following spells:

 Spells                   Type           Power      Damage    Failure   Level
 Inner Flame              Hex/Fire       4%         N/A       54%         3
 Portal Projectile        Hex/Tloc       8%         N/A       54%         3
 Cause Fear               Hex            3%         N/A       77%         4

Inventory:

Hand Weapons
 Y - a +1 sling (weapon)
Armour
 g - a +0 leather armour (worn)
Jewellery
 d - a +4 ring of slaying (left hand) {mikee}
Scrolls
 a - a scroll of identify
Potions
 i - a potion of curing {unknown}

Dungeon Overview and Level Annotations

Branches:
Dungeon (4/15)
 Temple: D:4-7

Altars:

Annotations:
D:2 Pargi
D:4 Pikel


Message History

You shoot a sling bullet. The sling bullet hits the lemure!
You kill the lemure!
That felt strangely unrewarding.
Pikel and a lemure come into view.
Pikel is wielding a +2 whip of flaming.
The lemure shouts!
You hear a shout!
You shoot a sling bullet. The sling bullet hits the lemure.
The lemure is lightly wounded.
A lemure comes into view.
You shoot a sling bullet. The sling bullet hits the lemure.
The lemure is lightly wounded.
An iguana comes into view.
Pikel drinks a potion.
Pikel flickers and vanishes!
Deactivating autopickup; reactivate with Ctrl-A.
A lemure comes into view.
You shoot a sling bullet. The lemure shouts!
The iguana hisses angrily.
The sling bullet hits the lemure but does no damage.
The lemure is lightly wounded.
An adder comes into view.
You shoot a sling bullet. The sling bullet hits the lemure!
The lemure is heavily wounded.
You shoot a sling bullet. The sling bullet hits the lemure.
The lemure is heavily wounded.
A ball python comes into view.
You shoot a sling bullet. The sling bullet hits the lemure!
The lemure is moderately wounded.
The lemure hits you but does no damage. Something hits you.
Something burns you.
You shoot a sling bullet. The sling bullet hits the lemure!
The lemure is almost dead.
The lemure hits you. The lemure completely misses you.
Something completely misses you.
You shoot a sling bullet.
The sling bullet closely misses the lemure.
Something hits you. Something burns you. The lemure closely misses you.
The lemure hits you! The adder closely misses you.
2268 ||| READING scroll of teleportation.
As you read the scroll of teleportation, it crumbles to dust.
You feel strangely unstable. The adder bites you but does no damage.
The lemure hits you. Something hits you!
You die...

.##.#.# ....... ......
###.... .......##
.......l#
.....S5S###############
.....5{@..............#
.......5...##########.#
...........# #.#
........#### #.#
........# #.##
........# #...
........# ####
.....(..#


You could see 3 lemures, an iguana, an adder and a ball python.

Vanquished Creatures
  A lemure (D:4)
  4 adders (D:2)
  3 worms
  2 dart slugs
  An orc (D:3)
  5 ball pythons
  4 endoplasms
  2 giant cockroaches (D:1)
  3 goblins
  6 hobgoblins
  4 jackals (D:3)
  A quokka (D:3)
  A bat (D:1)
  3 frilled lizards
  4 kobolds
  4 rats
48 creatures vanquished.

Notes
Turn   | Place    | Note
-------+----------+-------------------------------------------
     0 | D:1      | qw the Gargoyle Hexslinger began the quest for the Orb.
     0 | D:1      | Reached XP level 1. HP: 12/12 MP: 2/2
     0 | D:1      | 0 ||| qw: Version: 0.3-a-52-g30416fa
     0 | D:1      | 0 ||| qw: Game counter: 6532
     0 | D:1      | 0 ||| qw: Melee chars always use a shield: true
     0 | D:1      | 0 ||| qw: God list: Okawaru
     0 | D:1      | 0 ||| qw: Allow faded altars: false
     0 | D:1      | 0 ||| qw: Do Orc after clearing Dungeon:15 true
     0 | D:1      | 0 ||| qw: Do second Lair branch before Depths: true
     0 | D:1      | 0 ||| qw: Lair rune preference: random
     0 | D:1      | 0 ||| qw: Goals: Normal
     0 | D:1      | 0 ||| PLANNING D:1-11
    15 | D:1      | HP: 3/12 [hobgoblin (3)]
   168 | D:1      | Reached XP level 2. HP: 16/16 MP: 3/3
   319 | D:1      | Reached skill level 3 in Ranged Weapons
   573 | D:1      | 573 ||| READING scroll labelled WARUOSCH CUTSUPSUCA.
   574 | D:1      | 574 ||| READING scroll labelled DAZITH XEANGA.
   579 | D:1      | 579 ||| DRINKING 2 sapphire potions.
   580 | D:1      | 580 ||| DRINKING 2 sedimented yellow potions.
   581 | D:1      | 581 ||| DROPPING scroll of poison.
   582 | D:1      | 582 ||| DROPPING potion of magic.
   583 | D:1      | 583 ||| DROPPING potion of degeneration.
   616 | D:2      | 616 ||| STAIRDANCE
   625 | D:1      | Reached XP level 3. HP: 12/21 MP: 4/4
  1115 | D:2      | Reached XP level 4. HP: 23/26 MP: 5/5
  1140 | D:2      | Reached skill level 4 in Ranged Weapons
  1292 | D:2      | You fall into a shaft and drop 1 floor!
  1419 | D:3      | 1419 ||| UPGRADING to +0 leather armour.
  1429 | D:3      | 1429 ||| DROPPING +0 robe.
  1430 | D:3      | 1430 ||| UPGRADING to +4 ring of slaying {mikee}.
  1431 | D:3      | 1431 ||| READING scroll labelled MIDUGYNASCH.
  1432 | D:3      | 1432 ||| READING scroll labelled UNGEOS GUWOHESK.
  1433 | D:3      | 1433 ||| DRINKING 2 fizzy white potions.
  1434 | D:3      | 1434 ||| DROPPING potion of invisibility.
  1668 | D:3      | Noticed Pargi
  1672 | D:3      | 1672 ||| STAIRDANCE
  1680 | D:2      | HP: 5/26 [Pargi (3)]
  1681 | D:2      | 1681 ||| READING scroll of teleportation.
  2179 | D:3      | 2179 ||| READING scroll labelled TEUTRI ONEH.
  2180 | D:3      | 2180 ||| READING 2 scrolls of identify.
  2180 | D:3      | 2180 ||| IDENTIFYING ruby potion
  2181 | D:3      | 2181 ||| DROPPING potion of attraction.
  2248 | D:4      | Noticed a lemure
  2257 | D:4      | Killed a lemure
  2259 | D:4      | Noticed Pikel
  2259 | D:4      | Noticed a lemure
  2260 | D:4      | Noticed a lemure
  2261 | D:4      | Noticed a lemure
  2267 | D:4      | HP: 5/26 [lemure[Pikel] (7)]
  2268 | D:4      | 2268 ||| READING scroll of teleportation.
  2268 | D:4      | HP: 2/26 [lemure[Pikel] (3)]
  2268 | D:4      | Mangled by Pikel

Levels and vault maps discovered:
D:1:      minmay_arrival_semitransparent, layout_basic
D:2:      layout_loops_cross, lightli_corner_chamber
D:3:      layout_rooms, nrook_uturn, nicolae_figureground_sparkle, uniq_pargi
D:4:      layout_basic, minmay_diced_spiral, uniq_natasha, uniq_menkaure,
          uniq_pikel

Skill      XL: |  1  2  3  4 |
---------------+-------------+-----
Ranged Weapons | 3 4 |  4.4
Fighting       | 2 |  2.0
Dodging        | |  1.5
Spellcasting   | |  1.0
Hexes          | |  2.6

Action                     |  1- 3 |  4- 6 || total
---------------------------+-------+-------++-------
   Fire: Sling             |   138 |    86 ||   224
    Use: Scroll            |     2 |     6 ||     8
         Potion            |     2 |     1 ||     3
 Armour: Robe              |    26 |     7 ||    33
         Leather armour    |       |    19 ||    19
  Dodge: Dodged            |    56 |    49 ||   105

Table legend:
 A = Non-vault XP
 B = Vault XP
 C = Vault XP percentage of total XP
 D = Non-vault monster count
 E = Vault monster count
 F = Vault count percentage of total count
                 A         B        C        D         E       F
            +---------+---------+-------+---------+---------+-------
      Total |     140 |       0 |   0.0 |      47 |       0 |   0.0
            +---------+---------+-------+---------+---------+-------
        D:1 |      34 |       0 |   0.0 |      18 |       0 |   0.0
        D:2 |      76 |       0 |   0.0 |      13 |       0 |   0.0
        D:3 |      30 |       0 |   0.0 |      16 |       0 |   0.0
            +---------+---------+-------+---------+---------+-------
